AoeStats
← TheQuietRiot

Arabia

510397087Analyzed
1v1 RM · 11h ago on Sep 30, 2026· 42m 38s· 2 players
Game mode
Random Map
Map size
Tiny (2 player)
Population
200
Speed
Normal
Resources
Standard
Victory
Conquest
Starting age
Dark Age
Ending age
Imperial Age
RankedLock teamsTeams togetherTeam positionsShared explorationLock speedFull tech treeHidden civsTurbo modeCheats
Victory
Defeat
🇺🇸 Franks · United States
1027
+17
🇬🇧 Saxons · United Kingdom
1052
-17
coxmaster
10:41 Feudal Age
11:23 Double-Bit Axe
11:53 Loom
18:29 Gold Mining
20:50 Castle Age
19:57 Scale Barding Armor
20:40 Forging
22:15 Husbandry
23:27 Iron Casting
24:51 Stone Mining
26:55 Chain Barding Armor
27:48 Wheelbarrow
26:58 Town Watch
34:05 Imperial Age
33:04 Bow Saw
34:34 Cavalier
36:52 Chivalry
38:56 Fletching
39:58 Murder Holes
41:24 Conscription
41:47 Illumination
41:22 Devotion
42:20 Plate Barding Armor
44:18 Blast Furnace
TheQuietRiot
9:34 Feudal Age
8:26 Loom
10:20 Double-Bit Axe
17:59 Castle Age
19:26 Bow Saw
18:59 Horse Collar
25:31 Forging
28:43 Squires
31:52 Iron Casting
31:17 Scale Mail Armor
32:19 Pikeman
32:45 Gambesons
33:59 Chain Mail Armor
37:28 Wheelbarrow
Connection lost

Rejoining the realm…

Still unreachable

The connection could not be restored.

Session expired

The server has moved on; the page needs a fresh start.